 Dungeon Crawl Stone Soup version 0.30-a0-728-gc68057be0a (webtiles) character file.

Game seed: 3707438771669593377

2534 Dittersdorf the Shield-Bearer (level 9, -5/58 HPs)
             Began as a Gargoyle Fighter on Jan 31, 2023.
             Slain by a wight
             ... wielding a +1 dire flail
              (8 damage)
             ... on level 7 of the Dungeon.
             The game lasted 00:09:32 (5766 turns).

Dittersdorf the Shield-Bearer (Gargoyle Fighter)    Turns: 5766, Time: 00:09:33

Health: -5/58      AC: 19    Str: 23    XL:     9   Next: 55%
Magic:  9/9        EV:  9    Int: 15    God:
Gold:   208        SH:  5    Dex:  9    Spells: 8/8 levels left

rFire   . . .      SeeInvis .    a - +0 flail (venom)
rCold   . . .      Faith    .    c - +0 buckler
rNeg    + . .      Spirit   .    b - +0 scale mail
rPois   ∞          Reflect  .    i - +0 helmet
rElec   +          Harm     .    r - +1 cloak of the Arena {Int+5}
rCorr   .          Rampage  .    s - +0 pair of gloves
Will    .....                    (no boots) Stlth
                                 (no amulet)
HPRegen 0.29/turn                (no ring)
MPRegen 0.11/turn                (no ring)

@: no status effects
A: sickness immunity, AC +6, negative energy resistance 1, electricity
resistance, torment resistance 1, petrification resistance
a: no special abilities


You were on level 7 of the Dungeon.
You visited 2 branches of the dungeon, and saw 8 of its levels.

You collected 383 gold pieces.
You spent 175 gold pieces at shops.

Inventory:

Hand Weapons
 a - a +0 flail of venom (weapon)
Armour
 b - a +0 scale mail (worn)
 c - a +0 buckler (worn)
 i - a +0 helmet (worn)
 r - the +1 cloak of the Arena (worn) {Int+5}
   (You found it on level 7 of the Dungeon)

   Int:       It affects your intelligence (+5).
 s - a +0 pair of gloves (worn)
Wands
 j - a wand of flame (27)
 o - a wand of acid (6)
Scrolls
 f - a scroll of enchant weapon
 h - a scroll of blinking
 l - 3 scrolls of enchant armour
 n - a scroll of fog
 p - 2 scrolls of teleportation
 t - a scroll of poison {unknown}
Potions
 d - 2 potions of might
 e - a potion of flight {unknown}
 g - 3 potions of heal wounds
 k - 5 potions of curing
 m - a potion of brilliance
 q - 2 potions of resistance


   Skills:
 + Level 7.6 Fighting
 + Level 6.6 Maces & Flails
 + Level 7.7 Armour
 + Level 7.7 Shields


You had 8 spell levels left.
You didn't know any spells.
Your spell library contained the following spells:

 Spells                   Type           Power      Damage    Failure   Level
 Beastly Appendage        Tmut           0%         N/A       58%         1
 Foxfire                  Conj/Fire      0%         2x1d4     58%         1
 Kiss of Death            Conj/Necr      0%         2d5       58%         1
 Wereblood                Tmut           0%         N/A       75%         2
 Confusing Touch          Hex            0%         N/A       92%         3
 Ignite Poison            Fire/Tmut/Pois 0%         N/A       92%         3
 Inner Flame              Hex/Fire       0%         N/A       92%         3
 Spider Form              Tmut/Pois      0%         N/A       92%         3
 Dispel Undead            Necr           0%         3d6       100%        4
 Flame Wave               Conj/Fire      0%         2d4       100%        4
 Sticky Flame             Conj/Fire      0%         2d3       100%        4
 Fireball                 Conj/Fire      0%         3d3       100%        5
 Death Channel            Necr           0%         N/A       100%        6
 Starburst                Conj/Fire      0%         6d3       100%        6
 Ignition                 Fire           0%         3d3       100%        8
 Cigotuvi's Dreadful Rot  Necr/Pois/Air  Unusable   N/A       N/A         2

Dungeon Overview and Level Annotations

Branches:
Dungeon (7/15)             Temple (1/1) D:5

Altars:
Ashenzari
Cheibriados
Elyvilon
Gozag
Kikubaaqudgha
Makhleb
Ru
Sif Muna
Trog
Uskayaw
Yredelemnul

Shops:
D:4 !*![


Innate Abilities, Weirdness & Mutations

You are immune to sickness and miasma.
Your stone body is resilient. (AC +6)
You are immune to poison.
You resist negative energy. (rN+)
You are resistant to electric shocks. (rElec)
You are resistant to unholy torment.
You are immune to petrification.


Message History

The wight hits you but does no damage. x2; The kobold completely misses you.
You closely miss the wight.
The wight is severely damaged.
The wight hits you with a +1 dire flail.
The wight hits you but does no damage. The kobold barely misses you.
The wight closely misses you.
The wight hits you with a +4 great sword!
* * * LOW HITPOINT WARNING * * *
The kobold hits you but does no damage.
You are too injured to fight recklessly!
You are too injured to fight recklessly!
You are too injured to fight recklessly!
You are too injured to fight recklessly!
You are too injured to fight recklessly!
You are too injured to fight recklessly!
You are too injured to fight recklessly!
You are too injured to fight recklessly!
You are too injured to fight recklessly!
You are too injured to fight recklessly!
You are too injured to fight recklessly!
You are too injured to fight recklessly!
You are too injured to fight recklessly!
You are too injured to fight recklessly!
You are too injured to fight recklessly!
You are too injured to fight recklessly!
You are too injured to fight recklessly!
You are too injured to fight recklessly!
You are too injured to fight recklessly!
The wight hits you but does no damage. The wight attacks as you move away!
You block the wight's attack. The wight attacks as you move away!
The wight hits you with a +1 dire flail.
* * * LOW HITPOINT WARNING * * *
The wight attacks as you move away! The wight hits you but does no damage.
The wight attacks as you move away!
The wight hits you with a +4 great sword!
* * * LOW HITPOINT WARNING * * *
The wight attacks as you move away!
The wight hits you with a +1 dire flail!
You die...

### #..#
... ##..#
... ##).#
..# .#
##).# .##
..# ##..##
## ...#
##..## #
#...#
##KK##
#...#
##zz## ####
#...###.@##
###...
#...#..##
##.....
#....##
#.....<
##..##
#......
##.#
#...... #.#
#...... #.#
##..... #.#
#..... #.#
#.....


You could see 2 wights and 2 kobolds.

Vanquished Creatures
  Maggie (D:7)
  A wyvern (D:7)
  3 yaks (D:5)
  A steam dragon (D:7)
  A water moccasin (D:5)
  2 ice beasts
  An ogre (D:5)
  A centaur (D:7)
  A kobold brigand (D:7)
  A necrophage (D:5)
  3 scorpions
  2 wights (D:7)
  3 howler monkeys
  A jelly (D:4)
  4 orc priests (D:5)
  A gnoll bouda (D:6)
  2 iguanas
  4 orc wizards
  A mummy (D:3)
  9 adders
  7 gnolls
  2 white imps
  An ufetubus (D:5)
  2 dart slugs
  8 orcs
  5 endoplasms
  2 giant cockroaches (D:2)
  10 hobgoblins
  8 kobolds
  A quokka (D:2)
  4 ball pythons
  13 bats
  4 goblins
  5 rats
115 creatures vanquished.

Vanquished Creatures (others)
  3 fungi (D:4)
  A plant (D:4)
4 creatures vanquished.

Grand Total: 119 creatures vanquished

Notes
Turn   | Place    | Note
-------+----------+-------------------------------------------
     0 | D:1      | Dittersdorf the Gargoyle Fighter began the quest for the
                  | Orb.
     0 | D:1      | Reached XP level 1. HP: 14/14 MP: 1/1
   288 | D:1      | Reached XP level 2. HP: 19/19 MP: 2/2
   833 | D:2      | Reached XP level 3. HP: 19/24 MP: 3/3
  1283 | D:3      | Found a broken altar of Ashenzari.
  1424 | D:3      | Reached XP level 4. HP: 29/29 MP: 4/4
  1505 | D:3      | Found a snail-covered altar of Cheibriados.
  1519 | D:3      | HP: 1/29 [mummy (10)]
  1735 | D:3      | Reached XP level 5. HP: 29/33 MP: 5/5
  2214 | D:4      | Reached XP level 6. HP: 39/39 MP: 6/6
  2422 | D:4      | Found Foriduri's Assorted Antiques.
  2603 | D:4      | Reached skill level 5 in Armour
  2610 | D:4      | Reached skill level 5 in Fighting
  2610 | D:4      | Reached skill level 5 in Shields
  2610 | D:4      | Reached XP level 7. HP: 23/44 MP: 7/7
  2716 | D:4      | Found Bihowug's Distillery.
  2724 | D:4      | Bought a potion of heal wounds for 65 gold pieces
  2734 | D:4      | Found Bimiwniu's Armour Shoppe.
  2866 | D:4      | Found Kema's Distillery.
  2876 | D:4      | Bought a potion of heal wounds for 55 gold pieces
  2876 | D:4      | Bought a potion of heal wounds for 55 gold pieces
  3221 | D:5      | Entered Level 5 of the Dungeon
  3868 | D:5      | Reached XP level 8. HP: 39/51 MP: 8/8
  3970 | D:5      | Found a staircase to the Ecumenical Temple.
  4092 | D:6      | Noticed a yak
  4092 | D:6      | Noticed a yak
  4092 | D:6      | Noticed a yak
  4102 | D:5      | Killed a yak
  4120 | D:5      | Reached skill level 5 in Maces & Flails
  4210 | D:5      | Killed a yak
  4215 | D:5      | Killed a yak
  4570 | Temple   | Entered the Ecumenical Temple
  4842 | D:6      | Found a basalt altar of Yredelemnul.
  5118 | D:7      | Reached XP level 9. HP: 56/56 MP: 9/9
  5131 | D:7      | Noticed Maggie
  5149 | D:7      | Killed Maggie
  5282 | D:7      | Identified the +1 cloak of the Arena {Int+5}
  5765 | D:7      | HP: 2/58 [wight/+4 great sword (10)]
  5766 | D:7      | Slain by a wight

Illustrated notes

Levels and vault maps discovered:
D:1:      scummos_arrival_simple_crosswalls, layout_loops_ring,
          chequers_arboretum
D:2:      layout_rooms
D:3:      layout_loops_ring, evilmike_ruin_ashenzari, slow_altar_2
D:4:      old_forge, layout_basic, serial_shops, nicolae_shop_stone, shop,
          nicolae_inconvenience_store, nicolae_shop_behind_doors
D:5:      layout_loops_ring, minmay_temple_entry_from_below_a
D:6:      layout_rooms, mainiacjoe_overflow_24_doors
D:7:      layout_cave_pods, uniq_maggie
Temple:   hellmonk_temple_forest_ring

Skill      XL: |  1  2  3  4  5  6  7  8  9 |
---------------+----------------------------+-----
Armour         | 4 5 6 7 |  7.7
Shields        | 4 5 7 |  7.7
Fighting       | 4 5 6 7 |  7.6
Maces & Flails | 3 4 5 6 |  6.6

Action                     |  1- 3 |  4- 6 |  7- 9 || total
---------------------------+-------+-------+-------++-------
  Melee: Flail             |   120 |   117 |   258 ||   495
    Use: Scroll            |     4 |     4 |     5 ||    13
 Armour: Scale mail        |    66 |    89 |   163 ||   318
  Dodge: Dodged            |    78 |    49 |   143 ||   270
  Block: Buckler           |    29 |    40 |    63 ||   132

Table legend: (Time is in decaauts)
 A = Elapsed time spent in this place.
 B = Non-inter-level travel time spent in this place.
 C = Inter-level travel time spent in this place.
 D = Time resting spent in this place.
 E = Time spent auto-exploring this place.
 F = Levels seen in this place.
 G = Mean time per level.
                   A        B        C        D        E       F      G
               +--------+--------+--------+--------+--------+-----+--------+
         Total |   5882 |   5573 |    309 |    793 |   3599 |   8 |  735.2 |
       Dungeon |   5717 |   5431 |    286 |    793 |   3467 |   7 |  816.7 |
        Temple |    164 |    141 |     23 |      0 |    132 |   1 |  164.0 |
               +--------+--------+--------+--------+--------+-----+--------+

Top non-repeatable levels by time:
     D:5: 1118 daAuts
     D:4: 1089 daAuts
     D:3: 936 daAuts
     D:1: 751 daAuts
     D:7: 660 daAuts
     D:6: 640 daAuts
     D:2: 519 daAuts
  Temple: 164 daAuts
